 Dungeon Crawl Stone Soup version 0.32-a0-841-g4648e6c457 (webtiles) character file.

Game seed: 8762007251238110499

88 wilfster70 the Chopper (level 4, -10/40 HPs)
             Began as a Mountain Dwarf Monk on Mar 26, 2024.
             Was a Priest of the Shining One.
             Mangled by a gnoll
             ... wielding a +0 flail
              (11 damage)
             ... on level 2 of the Dungeon.
             The game lasted 00:03:53 (1686 turns).

wilfster70 the Chopper (Mountain Dwarf Monk)        Turns: 1686, Time: 00:03:54

Health: -10/40     AC:  5    Str: 15    XL:     4   Next: 30%
Magic:  5/5        EV: 10    Int: 11    God:    the Shining One [***...]
Gold:   107        SH:  0    Dex: 12    Spells: 3/3 levels left

rFire   . . .        a - +0 hand axe
rCold   . . .        d - orb {light}
rNeg    + . .        h - +0 ring mail
rPois   .            (no helmet)
rElec   .            (no cloak)
rCorr   .            (no gloves)
SInv    .            (no boots)
Will    .....        (no amulet)
Stlth   +            (no ring)
HPRegen 0.26/turn    (no ring)
MPRegen 0.09/turn

%: no passive effects
@: glowing
A: runic magic, artefact enchanting
a: Renounce Religion, Divine Shield, Cleansing Flame


You were on level 2 of the Dungeon.
You worshipped the Shining One.
The Shining One was most pleased with you.
You visited 1 branch of the dungeon, and saw 3 of its levels.

You collected 107 gold pieces.

Inventory:

Hand Weapons
 a - a +0 hand axe (weapon)
Armour
 d - an orb of light (worn)
 h - a +0 ring mail (worn)
Scrolls
 b - a scroll of enchant weapon {unknown}
 f - a scroll of immolation
 g - a scroll of identify {unknown}
 i - a scroll of enchant armour {unknown}
Potions
 c - a potion of ambrosia
 e - 2 potions of curing {unknown}


   Skills:
 + Level 3.9 Fighting
 * Level 5.0 Axes
 + Level 1.7 Armour
 - Level 2.1 Dodging
 + Level 1.5 Invocations


You had 3 spell levels left.
You didn't know any spells.
Your spell library contained the following spells:

 Spells                   Type           Power      Damage    Failure   Level
 Slow                     Hex            0%         N/A       38%         1
 Blink                    Tloc           0%         N/A       52%         2
 Lesser Beckoning         Tloc           0%         N/A       52%         2
 Momentum Strike          Conj/Tloc      0%         3d8       52%         2
 Confusing Touch          Hex            0%         N/A       77%         3
 Hailstorm                Conj/Ice       0%         3d5       77%         3
 Sigil of Binding         Hex            0%         N/A       77%         3
 Summon Ice Beast         Ice/Summ       0%         N/A       77%         3
 Vampiric Draining        Necr           0%         2d6       77%         3
 Death Channel            Necr           0%         N/A       100%        6
 Permafrost Eruption      Ice/Erth       0%         2x4d2     100%        6
 Sculpt Simulacrum        Ice/Alch       0%         N/A       100%        6


Dungeon Overview and Level Annotations

Branches:
Dungeon (3/15)

Altars:
The Shining One


Innate Abilities, Weirdness & Mutations

Your spellcasting is much less encumbered by armour.
You can use scrolls of enchantment on lesser artefacts.


Message History

The gnoll is moderately wounded.
You barely miss the gnoll. The gnoll hits you with a +0 flail!
The gnoll hits you with a +0 club.
You barely miss the gnoll.
The gnoll is moderately wounded.
You hit the gnoll. The gnoll hits you with a +0 flail.
The gnoll closely misses you.
You slash the gnoll!
The gnoll is severely wounded.
You completely miss the gnoll. The gnoll closely misses you.
The gnoll hits you with a +0 club.
You barely miss the gnoll.
The gnoll is severely wounded.
You hit the gnoll. The gnoll barely misses you.
The gnoll hits you with a +0 club.
You hit the gnoll.
You kill the gnoll!
You barely miss the gnoll. The gnoll hits you with a +0 flail.
* * * LOW HITPOINT WARNING * * *
Your Axes skill increases to level 5!
You barely miss the gnoll.
The gnoll is heavily wounded.
The gnoll hits you with a +0 flail.
* * * LOW HITPOINT WARNING * * *
You hit the gnoll.
The gnoll is almost dead.
The gnoll misses you.
You hit the gnoll.
The gnoll is almost dead.
The gnoll barely misses you.
You hit the gnoll but do no damage.
The gnoll is almost dead.
The gnoll hits you with a +0 flail.
* * * LOW HITPOINT WARNING * * *
You barely miss the gnoll.
The gnoll is almost dead.
The gnoll hits you with a +0 flail!
* * * LOW HITPOINT WARNING * * *
The gnoll hits you with a +0 flail!
You die...

...........# #.# #.# ...........#
###.# #.# ß~~≈≈~ßß...####.#.#####
#.#
#.~≈≈~................#########.#
..~≈≈~~..######.#####........##.#
#.~~≈≈~.## #.# ########.##.#
###~≈≈~.#### ##.##########....#.#
###~≈≈~~...###.(<................
...~~≈≈~.#......@g.)######....###
###.~≈≈~...###..###.# ###.##
....~≈≈~..####.## #.# #.#
.###~≈≈~.......# #.########.####
.##~~≈≈~#.####.# #..............
###~≈≈~~#.# #.# ######.#####.##
##~≈≈~.#.# #.# #)# #.# #~~≈≈~##.#
#.# #.# #.# ##~≈≈~~##.#
#.#########.# #.#


You could see a gnoll.

Vanquished Creatures
  3 adders (D:2)
  A gnoll (D:2)
  2 ribbon worms (D:2)
  9 endoplasms
  5 hobgoblins
  2 quokkas (D:1)
  4 ball pythons
  4 bats
  2 frilled lizards (D:1)
  2 goblins (D:2)
  8 kobolds
  5 rats
47 creatures vanquished.

Notes
Turn   | Place    | Note
-------+----------+-------------------------------------------
     0 | D:1      | wilfster70 the Mountain Dwarf Monk began the quest for the
                  | Orb.
     0 | D:1      | Reached XP level 1. HP: 19/19 MP: 1/1
   158 | D:1      | Reached skill level 4 in Axes
   173 | D:1      | Reached XP level 2. HP: 20/26 MP: 2/2
   365 | D:1      | Reached skill level 1 in Armour
   435 | D:1      | Found a faded altar of an unknown god.
   446 | D:1      | Prayed at the altar of an unknown god.
   446 | D:1      | Became a worshipper of the Shining One
   446 | D:1      | Reached * piety under the Shining One
   446 | D:1      | Reached ** piety under the Shining One
   555 | D:1      | Reached XP level 3. HP: 12/31 MP: 3/3
  1058 | D:2      | Reached *** piety under the Shining One
  1146 | D:2      | Reached skill level 1 in Invocations
  1423 | D:2      | Reached XP level 4. HP: 39/40 MP: 3/5
  1682 | D:2      | Reached skill level 5 in Axes
  1686 | D:2      | HP: 1/40 [gnoll/+0 flail (9)]
  1686 | D:2      | Mangled by a gnoll

Illustrated notes

Levels and vault maps discovered:
D:1:      lemuel_arrival_funnel, layout_basic,
          shapermc_ecumenical_altar_totnotflames
D:2:      wander_river, layout_loops_ring, nicolae_wormholes
D:3:      layout_loops_ring, lemuel_tele_altar, serial_aquarium,
          aquarium_bridge_square [aquarium_subvault_bridge,
          aquarium_subvault_wall, aquarium_subvault_bridge,
          aquarium_subvault_bridge], aquarium_window_fake, aquarium_window_1,
          aquarium_window_fake, aquarium_window_corridor_2, aquarium_view_2e,
          aquarium_balcony_3a, chequers_serial_rivers_small_3

Skill      XL: |  1  2  3  4 |
---------------+-------------+-----
Axes           | 4 5 |  5.0
Armour         | 1 |  1.7
Invocations    | 1 |  1.5
Fighting       | |  3.9
Dodging        | |  2.1

Action                     |  1- 3 |  4- 6 || total
---------------------------+-------+-------++-------
  Melee: Hand axe          |   120 |    28 ||   148
    Use: Scroll            |     3 |       ||     3
 Armour: Robe              |    34 |       ||    34
         Ring mail         |    32 |    25 ||    57
  Dodge: Dodged            |    58 |    22 ||    80

Table legend: (Time is in decaauts)
 A = Elapsed time spent in this place.
 B = Non-inter-level travel time spent in this place.
 C = Inter-level travel time spent in this place.
 D = Time resting spent in this place.
 E = Time spent auto-exploring this place.
 F = Levels seen in this place.
 G = Mean time per level.
                   A        B        C        D        E       F      G
               +--------+--------+--------+--------+--------+-----+--------+
         Total |   1717 |   1684 |     33 |    266 |    748 |   3 |  572.3 |
       Dungeon |   1717 |   1684 |     33 |    266 |    748 |   3 |  572.3 |
               +--------+--------+--------+--------+--------+-----+--------+

Top non-repeatable levels by time:
     D:1: 893 daAuts
     D:2: 817 daAuts
     D:3: 6 daAuts
